[Event "Early-Titled-Tuesday-Blitz-April-16-2024"]
[Site "Chess.com"]
[Date "2024.04.16"]
[Round "5"]
[White "MdSharifHossain"]
[Black "jbking07"]
[Result "0-1"]
[WhiteElo "2284"]
[BlackElo "2429"]
[TimeControl "180+1"]
[EndTime "8:57:14 PDT"]
[Termination "jbking07 won on time"]

1. e4 c5 2. Nf3 e6 3. d4 cxd4 4.
Nxd4 Nf6 5. Nc3 Nc6 6. Nxc6 bxc6 7.
Bd3 d5 8. O-O Be7 9. b3 O-O 10.
Qe2 d4 11. Na4 e5 12. h3 Be6 13. f4 exf4 14. Bxf4 Qd7 15. Bg5 h6 16. Bxf6 Bxf6 17. Nc5 Qd6 18. Qh5 Bg5 19. Na4 Qe5 20. Kh1 Rae8 21. Rae1 c5 22. h4 Bf6 23. Qxe5 Bxe5 24. Nxc5 Bg4 25. Be2 Bc8 26. Rf3 Bd6 27. b4 a5 28. Bb5 Re7 29. a3 axb4 30. axb4 Rc7 31. Rd3 Bxc5 32. bxc5 Rxc5 33. Ba4 Rd8 34. e5 Ba6 35.
Rd2 Bb7 36. Kh2 Kf8 37. g3 Ke7 38. Bb3 Bd5 39. Red1 Bxb3 40. cxb3 Rcd5 41. Kg2 Ke6 42. Kf3 Kxe5 43. Rd3 Rc8 44. Re1+ Kd6 45. Ke4 Re5+ 46.
Kxd4 Rxe1 47. b4 Rb8 48. Kc3+ Kc6 49. Rf3 Re7 50. Kc4 Re4+ 51. Kd3 Rbxb4 52. Rxf7 Rg4 0-1

[Event "Early-Titled-Tuesday-Blitz-April-16-2024"]
[Site "Chess.com"]
[Date "2024.04.16"]
[Round "5"]
[White "OparinGrigoriy"]
[Black "nihalsarin"]
[Result "1/2-1/2"]
[WhiteElo "2986"]
[BlackElo "3173"]
[TimeControl "180+1"]
[EndTime "8:57:15 PDT"]
[Termination "Game drawn - insufficient material"]

1. d4 Nf6 2. c4 e6 3. Nf3 d5 4. g3 Be7 5. Bg2 O-O 6. Nc3 c6 7.
b3 Nbd7 8. O-O b6 9. Qd3 Bb7 10. Rd1 c5 11. cxd5 Nxd5 12. Nxd5 Bxd5 13. Bb2 Nf6 14. Ne5 Rc8 15. Rac1 cxd4 16. Bxd4 Bxg2 17. Kxg2 Qd5+ 18. Nf3 h6 19. Qa6 Rxc1 20. Rxc1 g5 21.
Bxf6 Bxf6 22. h3 h5 23. g4 hxg4 24. hxg4 Kg7 25. Qc4 Qa5 26. a4 Rh8 27. Qe4 Re8 28.
Rc7 Re7 29. Rc8 Qd5 30. Qxd5 exd5 31. Kf1 Re4 32. a5 bxa5 33. Rc5 a4 34. bxa4 Rxa4 35.
Rxd5 a5 36. e4 Rxe4 37. Rxa5 Rxg4 38. Ke2 Kg6 39. Nd2 Rb4 40. Kf3 Rf4+ 41. Kg2 Bd4 42. f3 f6 43. Ra4 Kf5 44. Ne4 Ke5 45. Ng3 Rh4 46. Ne2 Kd5 47. Ra5+ Bc5 48. Ra6 f5 49. Ng3 f4 50. Ne4 g4 51. Ra5 gxf3+ 52. Kxf3 Rh3+ 53. Kg4 Kxe4 54. Kxh3 Be3 55. Ra4+ Kf3 56. Rxf4+ Bxf4 1/2-1/2

[Event "Early-Titled-Tuesday-Blitz-April-16-2024"]
[Site "Chess.com"]
[Date "2024.04.16"]
[Round "5"]
[White "the_chess_child"]
[Black "Dinosaurio_1975"]
[Result "1-0"]
[WhiteElo "2823"]
[BlackElo "2582"]
[TimeControl "180+1"]
[EndTime "8:57:17 PDT"]
[Termination "the_chess_child won on time"]

1. e4 c6 2. d3 d5 3. Nd2 e5 4. Ngf3 Bd6 5. d4 exd4 6. exd5 Nf6 7. dxc6 Nxc6 8. Be2 O-O 9. Nb3 Bb4+ 10. Bd2 Bxd2+ 11. Qxd2 Re8 12. Nbxd4 Nxd4 13. Nxd4 Bg4 14. f3 Bh5 15. O-O-O Qd5 16. Nb3 Qc6 17. Kb1 Bg6 18. Bd3 Rad8 19. Rhe1 Rxe1 20. Qxe1 Bxd3 21. Rxd3 Rxd3 22. cxd3 Nd5 23.
Nd4 Qd7 24. Qe5 h6 25. Qb8+ Kh7 26. Qxa7 Nb4 27. Qc5 Nxd3 28. Qc3 Nf4 29. g3 Nd5 30. Qd3+ g6 31. Nc2 Qe6 32. a3 Nf6 33. Qb5 Qe7 34. a4 Nd7 35. Qxb7 Qe6 36. Qb5 Ne5 37. f4 Nc4 38. b3 Nd2+ 39. Kc1 Nxb3+ 40. Kb2 Nd2 41. Qb4 Nc4+ 42. Kc3 Nd6 43. a5 Qf6+ 44. Kb3 Qe6+ 45. Kb2 Nc4+ 46. Kc3 Nd6 47. Qb6 Ne4+ 48. Kd4 Qe8 49. Nb4 Nf2 50. Nd5 Qe4+ 51. Kc5 Nd3+ 52. Kd6 Qa4 53. a6 Qa3+ 54. Kc7 Nc5 55. a7 Ne6+ 56. Kb7 Nc5+ 57. Kc8 1-0

[Event "Early-Titled-Tuesday-Blitz-April-16-2024"]
[Site "Chess.com"]
[Date "2024.04.16"]
[Round "5"]
[White "imdvb6307"]
[Black "stratacticos"]
[Result "1-0"]
[WhiteElo "2503"]
[BlackElo "1878"]
[TimeControl "180+1"]
[EndTime "8:57:18 PDT"]
[Termination "imdvb6307 won on time"]

1. d4 Nf6 2. Nf3 g6 3. c4 c5 4. Nc3 cxd4 5. Nxd4 Bg7 6. e4 d6 7. f3 Bd7 8. Be3 Nc6 9. Qd2 Nxd4 10. Bxd4 O-O 11.
Be2 a6 12. O-O Bc6 13. b4 b5 14. cxb5 axb5 15. Bxb5 Bxb5 16. Nxb5 e5 17. Be3 d5 18.
Bc5 dxe4 19. Qxd8 Rfxd8 20. a4 exf3 21. gxf3 e4 22. Ra2 exf3 23. Rxf3 Ne4 24. Bb6 Rd1+ 25. Rf1 Rd5 26. Nc7 Rg5+ 27. Kh1 Nc3 28. Nxa8 Nxa2 29. Bc5 Bf8 30. Bxf8 Kxf8 31. b5 Nc3 32. b6 Nxa4 33. Rb1 Nxb6 34. Nxb6 h5 35. Re1 Rb5 36. Nd7+ Kg7 37.
Kg2 g5 38. Re5 Rb2+ 39. Kg1 f6 40. Re6 f5 41. Ne5 Rb1+ 42. Kf2 Rb2+ 43. Kg3 Rb3+ 44. Kf2 Rb2+ 45. Ke3 Rxh2 46. Rg6+ Kh7 47. Rxg5 h4 48. Rxf5 h3 49. Kf3 Ra2 50. Rh5+ Kg7 51. Ng4 h2 52. Nxh2 Kg6 53. Rh4 Ra3+ 54. Kg2 Ra2+ 55. Kg3 Ra3+ 56. Nf3 Rb3 57. Rf4 Ra3 58. Kg4 Rb3 59. Nh4+ Kg7 60.
Kg5 1-0

[Event "Early-Titled-Tuesday-Blitz-April-16-2024"]
[Site "Chess.com"]
[Date "2024.04.16"]
[Round "5"]
[White "MarcoRiehle"]
[Black "LevonAronian"]
[Result "0-1"]
[WhiteElo "2730"]
[BlackElo "3072"]
[TimeControl "180+1"]
[EndTime "8:57:22 PDT"]
[Termination "LevonAronian won by checkmate"]

1. e4 c5 2. a3 e6 3. b4 d5 4.
exd5 exd5 5. Nf3 Nf6 6. c3 Nc6 7. d4 cxd4 8. Nxd4 Bd6 9. Be2 O-O 10. O-O Re8 11. Bg5 Nxd4 12. cxd4 Bf5 13. Bf3 Rc8 14. h3 Bb8 15. Bh4 h6 16. Ra2 Qc7 17. Bg3 Qc4 18.
Re2 Bxg3 19. fxg3 Bxb1 20. Rxe8+ Rxe8 21. Qxb1 Qxd4+ 22. Kh2 Qc3 23. a4 b6 24. Rc1 Qe5 25.
Qd3 Ne4 26. Bxe4 dxe4 27. Qe3 Rd8 28. Re1 Rd4 29. Qc3 f6 30. a5 Kh7 31. axb6 axb6 32. Re3 b5 33. h4 Rc4 34. Qe1 Qd4 35. Qf2 Qd5 36. Qe1 f5 37. Re2 Qd6 38. Qf2 Qe5 39.
Qe1 Rc3 40. Re3 Rxe3 41. Qxe3 h5 42. Qg5 g6 43. Qe3 Kg7 44. Qa7+ Kf6 45. Qb6+ Kf7 46. Qa7+ Kg8 47. Qe3 Qe7 48. Qb6 Qe8 49. Kg1 Kf7 50.
Kf2 Qd7 51. Ke3 Qd3+ 52. Kf4 Qd2+ 53. Ke5 Qc3+ 54. Kf4 Qc1+ 55. Ke5 Qb2+ 56. Kf4 Qxb4 57. Qc7+ Qe7 58. Qc6 b4 59. Qd5+ Kg7 60. Qd4+ Kh7 61. Ke3 Qb7 62. g4 fxg4 63. Kf4 b3 64. Qb2 Qb4 65. g3 e3+ 66. Kxe3 Qe1+ 67. Kf4 Qf1+ 68. Kg5 Qf5# 0-1

[Event "Early-Titled-Tuesday-Blitz-April-16-2024"]
[Site "Chess.com"]
[Date "2024.04.16"]
[Round "5"]
[White "Revan_2002"]
[Black "Firouzja2003"]
[Result "1-0"]
[WhiteElo "2726"]
[BlackElo "3032"]
[TimeControl "180+1"]
[EndTime "8:57:23 PDT"]
[Termination "Revan_2002 won by resignation"]

1. Nf3 Nf6 2. g3 g6 3. Bg2 Bg7 4. O-O O-O 5. d3 d5 6. Nbd2 Nc6 7. e4 e5 8. Re1 a5 9. a4 Re8 10. c3 h6 11. exd5 Nxd5 12. Nc4 b6 13. h4 Bg4 14. Qb3 Be6 15. Bd2 f6 16. Rad1 Bf7 17. Bc1 Qd7 18.
Qb5 Rad8 19. Kh2 f5 20. Bh3 Re7 21. Re2 Rde8 22. Rde1 Kh7 23. Bg2 Nf6 24. Ng5+ hxg5 25. Bxc6 Qxd3 26. Nxe5 Qxb5 27. axb5 Rxe5 28. Bxe8 Rxe8 29.
Rxe8 Bxe8 30. hxg5 Ng4+ 31. Kg2 Bxb5 32. Bf4 Bc6+ 33.
f3 b5 34. Re7 Kg8 35. Rxc7 Bd5 36. Rc5 Bc4 37. fxg4 fxg4 38. Be5 Bf8 39. Rc7 a4 40.
Bd4 Bd3 41. Kf2 Bd6 42. Rg7+ Kf8 43. Rd7 a3 44. bxa3 Bxa3 45. Bg7+ Kg8 46. Rxd3 Kxg7 47.
Rd5 b4 48. cxb4 Bxb4 49. Ke3 Kf7 50. Kf4 Ke6 51. Rb5 Bd6+ 52. Kxg4 Bc7 53. Rc5 Bd6 54. Rc6 Kd7 55. Ra6 Ke6 56. Kf3 Kd5 57. g4 Ke5 58. Ra5+ Ke6 59. Ke4 Be7 60. Ra6+ Kf7 61. Kf4 Bd8 62. Ra7+ Kf8 63. Ra8 Ke7 64. Ra7+ Kf8 65.
Ke5 Bxg5 66. Ke6 Kg8 67. Rf7 Bh4 68. Rd7 Bg5 69. Rd5 Bc1 70. Kf6 g5 71. Kg6 Kf8 72. Rf5+ Ke7 73. Rxg5 1-0

[Event "Early-Titled-Tuesday-Blitz-April-16-2024"]
[Site "Chess.com"]
[Date "2024.04.16"]
[Round "5"]
[White "Rosh1610"]
[Black "albi1999"]
[Result "1-0"]
[WhiteElo "2458"]
[BlackElo "2636"]
[TimeControl "180+1"]
[EndTime "8:57:24 PDT"]
[Termination "Rosh1610 won by resignation"]

1. e4 c5 2. Nc3 a6 3. Nge2 b5 4. g3 Bb7 5. Bg2 g6 6. d4 cxd4 7. Nxd4 Bg7 8. O-O d6 9. Be3 Qc7 10. Nd5 Bxd5 11. exd5 Nf6 12. a4 b4 13. a5 O-O 14. Nc6 Nxc6 15. dxc6 e6 16. Bb6 Qe7 17.
c7 d5 18. c3 bxc3 19. bxc3 Ne8 20. Rc1 Nxc7 21. c4 Rac8 22. cxd5 Nxd5 23. Bxd5 exd5 24.
Qxd5 h5 25. Qd3 Qb7 26. Rxc8 Rxc8 27. Rd1 Bf6 28. Qd7 Qa8 29. Qd6 Qf3 30. Qd5 Qe2 31. Qd3 Qxd3 32. Rxd3 Rc1+ 33. Kg2 Ra1 34. Rd7 Bc3 35. Ra7 Bxa5 36. Rxa6 Bc3 37. Rxa1 Bxa1 38. Be3 f5 39. h4 Kf7 40. Bg5 Ke6 41. Kf3 Kd5 42. Ke3 Bd4+ 43. Kf3 Be5 44. Be3 Kc4 45. Bf4 Bd4 46. Bd2 Kd3 47. Bg5 Be5 48. Be3 Kc2 49. Bf4 Bd4 50. Ke2 Kc3 51. Be3 Kc4 52. Bxd4 Kxd4 53. Kf3 Kd3 54. Kf4 Ke2 55. f3 Kf2 56. g4 fxg4 57. fxg4 Ke2 58. gxh5 gxh5 59. Kg5 Ke3 60.
Kxh5 Kf4 61. Kg6 1-0

[Event "Early-Titled-Tuesday-Blitz-April-16-2024"]
[Site "Chess.com"]
[Date "2024.04.16"]
[Round "5"]
[White "JaackCamel"]
[Black "Flaccidmoves"]
[Result "0-1"]
[WhiteElo "2222"]
[BlackElo "2419"]
[TimeControl "180+1"]
[EndTime "8:57:25 PDT"]
[Termination "Flaccidmoves won on time"]

1. d4 Nf6 2. c4 g6 3. Nc3 d5 4. cxd5 Nxd5 5. e4 Nxc3 6. bxc3 Bg7 7. Nf3 O-O 8. Be2 c5 9. O-O b6 10. Be3 Bb7 11. d5 Bxc3 12. Rc1 Bg7 13. Qc2 e6 14. Rfd1 exd5 15. exd5 Nd7 16. Bg5 Qc7 17. Bb5 a6 18. d6 Qc8 19. Bc4 Bxf3 20. gxf3 Ne5 21. Bd5 Qh3 22.
Qe4 Rad8 23. Bxd8 Rxd8 24. f4 Ng4 25. Qg2 Qh4 26. Bf3 Nh6 27. d7 Qxf4 28. Rd5 Qxc1+ 29. Rd1 Qf4 30. Bc6 Nf5 31. Qd5 Bd4 32. Qe4 Qxe4 33. Bxe4 Rxd7 34. Bxf5 gxf5 35. Kg2 Kg7 36. Kf3 Kf6 37. Rg1 Re7 38. Rg8 c4 39. Rc8 Bc5 40.
Rc6+ Kg5 41. h4+ Kxh4 42. Rh6+ Kg5 43. Rxh7 c3 44. Rh1 c2 45. Rc1 Re6 46. Rxc2 Kf6 47. Rd2 Re5 48. Rd8 Re6 49. Ra8 b5 50. Rc8 Bd4 51. a4 bxa4 52. Rc4 Be5 53. Rxa4 Rb6 54. Ra5 Ke6 55. Kg2 f6 56. Kf3 f4 57. Kg4 f5+ 58. Kf3 Kf6 59. Kg2 f3+ 60. Kxf3 Rb3+ 61. Kg2 Rb6 62.
Kf3 Bd4 63. Ra4 Bc5 64. Ra5 Bd6 65. Rd5 Ke6 66. Ra5 Kd7 67. Rxf5 Kc6 68. Ra5 Kb7 69. Ke4 Bc7 70. Ra3 Rb4+ 71. Kd5 a5 72. f3 Kb6 0-1

[Event "Early-Titled-Tuesday-Blitz-April-16-2024"]
[Site "Chess.com"]
[Date "2024.04.16"]
[Round "5"]
[White "ReinisUz"]
[Black "flawian2008"]
[Result "1-0"]
[WhiteElo "2374"]
[BlackElo "2549"]
[TimeControl "180+1"]
[EndTime "8:57:27 PDT"]
[Termination "ReinisUz won by resignation"]

1. c4 g6 2. Nc3 Bg7 3. g3 Nf6 4. Bg2 O-O 5. d3 d6 6. e4 e5 7. Nge2 Ne8 8. O-O f5 9. f4 Nc6 10. Be3 exf4 11. Nxf4 Nd4 12. a3 c6 13. b4 Nc7 14. Rc1 Nce6 15. Nce2 Nxe2+ 16. Qxe2 Nd4 17. Qd1 a5 18. c5 axb4 19. axb4 dxc5 20. bxc5 Ra3 21.
Rc4 Ne6 22. exf5 Nxf4 23. Bxf4 Rxd3 24. Qb1 gxf5 25. Bd6 Rd4 26. Bxf8 Rxc4 27. Bxg7 Kxg7 28. Qb2+ Qd4+ 29. Qxd4+ Rxd4 30. Bh3 Kg6 31. Re1 Kf6 32.
Re8 Be6 33. Rb8 Rb4 34. Kf2 Rb2+ 35. Ke3 Rxh2 36. Bf1 Rb2 37. Bd3 Rb3 38. Kd4 Rb4+ 39.
Kc3 Rg4 40. Rxb7 Rxg3 41. Rxh7 f4 42. Rh6+ Ke5 43. Rh5+ Kf6 44. Rh6+ Ke7 45. Kd4 Bd5 46. Be4 f3 47. Bxd5 f2 48. Rh1 Rg1 49. Rh7+ Kf6 50. Rf7+ Kg6 51. Rxf2 Rd1+ 52. Kc4 Rxd5 53. Ra2 Rf5 54. Ra6 Rf4+ 55. Kc3 Rf6 56. Kb4 Kf5 57. Ka5 Ke5 58. Kb6 Kd5 59. Ra8 Rh6 60. Rd8+ Ke5 61.
Rd2 Rg6 62. Kc7 Rh6 63. Rd6 Rh7+ 64. Kxc6 Ra7 65. Rd8 Ke6 66. Re8+ Kf7 67. Re1 Ra6+ 68. Kc7 Ra5 69. c6 Ra7+ 70. Kc8 Ra2 71. c7 1-0

[Event "Early-Titled-Tuesday-Blitz-April-16-2024"]
[Site "Chess.com"]
[Date "2024.04.16"]
[Round "5"]
[White "MatthewG-p4p"]
[Black "Root_21"]
[Result "0-1"]
[WhiteElo "2846"]
[BlackElo "2639"]
[TimeControl "180+1"]
[EndTime "8:57:28 PDT"]
[Termination "Root_21 won by resignation"]

1. e4 c5 2. c3 Nf6 3. e5 Nd5 4. Nf3 d6 5. Bc4 e6 6. d4 cxd4 7. cxd4 Nc6 8. O-O Nb6 9. Bb3 dxe5 10. dxe5 Qxd1 11. Rxd1 Be7 12. Nc3 O-O 13. Be3 Nd7 14.
Bf4 Nc5 15. Bc2 b6 16. a3 a5 17. Na4 Rb8 18. Rac1 Ba6 19. Nxc5 Bxc5 20. Ng5 Nd4 21.
Bxh7+ Kh8 22. Rxd4 Bxd4 23. Be4 Bxb2 24. Rb1 Bxa3 25. Rb3 Bc5 26. Rh3+ Kg8 27. Bh7+ Kh8 28. Bd3+ Kg8 29. Bxa6 Rfd8 30. Kf1 a4 31. Ne4 Be7 32. Nd6 f6 33. Bc4 g5 34. Be3 Bxd6 35. Bxe6+ Kg7 36. exd6 Rxd6 37. Bf5 Rh8 38. Rg3 a3 39. Bxg5 fxg5 40. Rxa3 Rxh2 41. Bg4 Rh8 42. Bf3 Rb8 43. Ra7+ Kf6 44.
Ra4 b5 45. Rb4 Rdb6 46. Ke2 Ke5 47. Kd3 Kd6 48. Kd4 Rc8 49. Be2 Rc2 50. Ke3 Rc5 51.
Bd3 Re5+ 52. Kd4 Rd5+ 53. Ke3 Kc5 54. Rb1 b4 55. Be4 Re5 56. Rc1+ Kd6 57. Kd4 b3 58. Rc8 b2 59. Rd8+ Ke7 60. Kxe5 Kxd8 61. Bb1 Rc6 62. Kf5 Rc5+ 63. Kg4 Ke7 64. g3 Kf6 0-1

[Event "Early-Titled-Tuesday-Blitz-April-16-2024"]
[Site "Chess.com"]
[Date "2024.04.16"]
[Round "5"]
[White "kachsona"]
[Black "sorch29"]
[Result "1-0"]
[WhiteElo "2616"]
[BlackElo "2465"]
[TimeControl "180+1"]
[EndTime "8:57:29 PDT"]
[Termination "kachsona won by resignation"]

1. b3 Nf6 2. Bb2 e6 3. c4 d5 4.
g3 b6 5. Bg2 Bb7 6. Nf3 Be7 7.
O-O O-O 8. d4 Nbd7 9. Nc3 c6 10.
Qc2 Ba6 11. Nd2 Rc8 12. e4 c5 13. e5 Ng4 14. h3 cxd4 15. hxg4 dxc3 16. Qxc3 Qc7 17.
Rac1 dxc4 18. bxc4 Bb7 19. Ne4 Bxe4 20. Bxe4 g6 21. Kg2 Kg7 22. Rh1 Rh8 23. Qd2 h6 24. Rh2 Nc5 25. Bf3 Rcd8 26. Qc2 Nd3 27. Rb1 Qc5 28.
Ba1 Nb4 29. Qb3 Nc6 30. Rhh1 Nd4 31. Bxd4 Rxd4 32. Rhd1 Qxe5 33. Qb2 Bc5 34. Rxd4 Bxd4 35. Qc2 Rd8 36. Rd1 Qc5 37. Rd3 e5 38. Qb3 Qd6 39.
Bd5 Qf6 40. Rf3 Qe7 41. Rxf7+ Qxf7 42. Bxf7 Kxf7 43. Qf3+ Ke7 44. Qb7+ Rd7 45. Qc6 Rd6 46. Qb7+ Rd7 47. Qe4 Kf6 48. Qa8 Re7 49. Qh8+ Kf7 50. Qxh6 Bc5 51. Qh7+ Kf6 52. Qh8+ Kf7 53. g5 Bd4 54. Qf6+ Ke8 55. Qxg6+ Kd7 56. Qf5+ Kd6 57. g6 e4 58. Qf4+ Kd7 59. Qd2 e3 60. Qxd4+ Ke8 61. fxe3 Rd7 62. Qxd7+ Kxd7 63. g7 Ke7 64. g8=Q 1-0

[Event "Early-Titled-Tuesday-Blitz-April-16-2024"]
[Site "Chess.com"]
[Date "2024.04.16"]
[Round "5"]
[White "Nf3c5"]
[Black "dvglko"]
[Result "1/2-1/2"]
[WhiteElo "2609"]
[BlackElo "2474"]
[TimeControl "180+1"]
[EndTime "8:57:30 PDT"]
[Termination "Game drawn - insufficient material"]

1. e4 c6 2. d4 d5 3. exd5 cxd5 4.
Bd3 Nc6 5. c3 Nf6 6. Bf4 Qb6 7.
Qb3 g6 8. Na3 Nh5 9. Be3 Nf6 10.
Bf4 Nh5 11. Qxb6 axb6 12. Bc7 e5 13. Nb5 Nf4 14. Bf1 Ne6 15. Bxe5 Nxe5 16. dxe5 Bg7 17. Nf3 O-O 18. a3 Bd7 19. O-O-O Bc6 20. Kb1 Nc5 21.
Be2 Ne4 22. Rhf1 Ra5 23. Nbd4 Re8 24. Bd3 Bxe5 25. Nxe5 Rxe5 26. f3 Nc5 27. b4 Rxa3 28. bxc5 bxc5 29. Nxc6 bxc6 30. Kb2 Ra7 31. Rfe1 Rg5 32. g4 c4 33. Bc2 Rb7+ 34. Kc1 f6 35. h4 Re5 36. f4 Rxe1 37. Rxe1 Kf7 38. h5 Ra7 39. g5 Ra1+ 40. Bb1 Ra3 41. Kd2 c5 42. h6 d4 43. Rc1 d3 44. Re1 Rb3 45.
Rc1 Rb2+ 46. Ke3 Re2+ 47. Kf3 fxg5 48. fxg5 Ke6 49. Rf1 Rh2 50. Kg3 Re2 51. Rd1 Ke5 52. Bxd3 cxd3 53. Rxd3 Rc2 54. Rd7 Rxc3+ 55. Kg4 Rc4+ 56.
Kg3 Rc3+ 57. Kh4 Kf5 58. Rf7+ Ke6 59. Rxh7 Rc1 60. Rg7 Rh1+ 61. Kg4 Rg1+ 62. Kf4 Rf1+ 63. Ke4 Re1+ 64. Kd3 Kf5 65. h7 Rh1 66. Kc4 Kxg5 67. Kxc5 Kf6 68. Rb7 g5 69. Kd4 Kg6 70. Ke4 Rxh7 71.
Rxh7 Kxh7 72. Kf5 g4 73. Kxg4 1/2-1/2

[Event "Early-Titled-Tuesday-Blitz-April-16-2024"]
[Site "Chess.com"]
[Date "2024.04.16"]
[Round "5"]
[White "LiemLe"]
[Black "Zhigalko_Sergei"]
[Result "0-1"]
[WhiteElo "3040"]
[BlackElo "2919"]
[TimeControl "180+1"]
[EndTime "8:57:32 PDT"]
[Termination "Zhigalko_Sergei won by checkmate"]

1. Nf3 d5 2. e3 Nf6 3. c4 e6 4. b3 Bd6 5. Bb2 O-O 6. Nc3 c5 7. g4 d4 8. exd4 cxd4 9. Nxd4 e5 10. Nf5 Bxf5 11. gxf5 Nc6 12. Bg2 Bc5 13. Bxc6 bxc6 14. Qe2 Bd4 15. O-O-O Qd7 16. Ne4 Bxb2+ 17. Kxb2 Qxf5 18.
Rhe1 a5 19. Nxf6+ Qxf6 20. Qxe5 Qxf2 21. Re2 Qb6 22. a4 Rab8 23. Re3 Qb4 24. Kc2 Rfd8 25.
h4 Qf8 26. Qxa5 Re8 27. Rde1 Red8 28. Qc3 g6 29. h5 Qa3 30. Ra1 Qf8 31. hxg6 fxg6 32.
Rae1 Rb7 33. a5 Rbd7 34. d3 Qa3 35. Ra1 Qc5 36. Rae1 Qa3 37. Qa1 Qd6 38. a6 Ra7 39.
Qa5 Qd7 40. Qxd8+ Qxd8 41. Re8+ Qxe8 42. Rxe8+ Kf7 43. Rc8 Rxa6 44. Rc7+ Kg8 45. d4 h5 46.
Re7 g5 47. Re5 Kh7 48. Rxg5 Kh6 49. Re5 h4 50. Kc3 Ra1 51. Re6+ Kg5 52. Rxc6 h3 53. Rc8 h2 54. Rh8 h1=Q 55. Rxh1 Rxh1 56. Kb4 Kf6 57. Kc5 Ke7 58. Kc6 Rb1 59. d5 Rxb3 60. d6+ Ke6 61. c5 Rc3 62. d7 Rd3 63. Kc7 Rxd7+ 64. Kb6 Rd1 65. c6 Rb1+ 66. Kc7 Rc1 67. Kb7 Kd6 68.
c7 Rxc7+ 69. Ka8 Rc1 70. Kb7 Rc2 71. Kb6 Rb2+ 72. Ka5 Kc6 73. Ka4 Rb8 74. Ka3 Kc5 75.
Ka4 Rb7 76. Ka3 Kc4 77. Ka2 Kc3 78. Ka1 Kc2 79. Ka2 Ra7# 0-1

[Event "Early-Titled-Tuesday-Blitz-April-16-2024"]
[Site "Chess.com"]
[Date "2024.04.16"]
[Round "5"]
[White "ViratKohl_i"]
[Black "NusratAlo"]
[Result "1-0"]
[WhiteElo "2531"]
[BlackElo "1906"]
[TimeControl "180+1"]
[EndTime "8:57:32 PDT"]
[Termination "ViratKohl_i won on time"]

1. e4 c5 2. Nf3 e6 3. d4 cxd4 4. Nxd4 a6 5. Bd3 Nf6 6. O-O Qc7 7. Qe2 d6 8. c4 Be7 9. Nc3 b6 10. f4 Nbd7 11. Be3 Bb7 12. Rac1 Nc5 13. Bf2 Rc8 14. Bb1 O-O 15. b4 Ncd7 16. Bd3 Qb8 17. f5 e5 18.
Nb3 Rc7 19. a4 Rfc8 20. a5 b5 21. Nd2 bxc4 22. Nxc4 d5 23. exd5 Nxd5 24. Nxd5 Bxd5 25. Rcd1 Bxc4 26. Bxc4 Rxc4 27. Rxd7 Bxb4 28. Qh5 g6 29. fxg6 hxg6 30. Qf3 Rf4 31. Qd5 Qb5 32. Qxb5 axb5 33. g3 Rf6 34. Bb6 Bc5+ 35. Bxc5 Rxf1+ 36. Kxf1 Rxc5 37.
a6 Rc8 38. a7 Kg7 39. Rb7 Ra8 40. Ke2 b4 41. Kd3 Kf6 42. Kc4 Kf5 43. Kxb4 Ke4 44. Kc3 Ke3 45. Rxf7 e4 46. Re7 Rc8+ 47. Kb4 Kd3 48. Kb5 e3 49. Kb6 e2 50. Kb7 Rh8 51. h4 Kd2 52. g4 e1=Q 53. Rxe1 Kxe1 54. a8=Q Rxh4 55. Qa1+ Ke2 56. Qe5+ Kd3 57. g5 Rb4+ 58. Kc6 Rc4+ 59. Kb5 1-0

[Event "Early-Titled-Tuesday-Blitz-April-16-2024"]
[Site "Chess.com"]
[Date "2024.04.16"]
[Round "5"]
[White "Kiborg95"]
[Black "Sanan_Sjugirov"]
[Result "1-0"]
[WhiteElo "2865"]
[BlackElo "3045"]
[TimeControl "180+1"]
[EndTime "8:57:33 PDT"]
[Termination "Kiborg95 won on time"]

1. e4 e5 2. Nf3 Nc6 3. Bc4 Nf6 4.
d3 Be7 5. O-O O-O 6. Nc3 d6 7.
a4 h6 8. Re1 Be6 9. Nd5 Re8 10.
c3 Bf8 11. a5 Bxd5 12. exd5 Ne7 13. a6 bxa6 14. d4 e4 15. Nd2 Nexd5 16. Nxe4 Nb6 17. Bd3 Nxe4 18. Bxe4 d5 19. Bd3 Rxe1+ 20. Qxe1 Bd6 21. g3 Qd7 22. Rxa6 c5 23. Be3 c4 24. Bf1 Re8 25. Qa1 Re7 26. Bg2 h5 27. Ra5 Bb8 28. Qd1 Qf5 29.
Bf3 g6 30. Kg2 Kg7 31. h3 Qd7 32. Qd2 Re8 33. h4 Qf5 34. Bh6+ Kg8 35. Bf4 Bxf4 36. Qxf4 Qd7 37. Qg5 Kf8 38. Bxd5 Nxd5 39. Qxd5 Qxd5+ 40. Rxd5 Rb8 41. Rc5 Rxb2 42. Rxc4 a5 43. Ra4 Rc2 44. c4 Rd2 45. d5 Rc2 46. Kf3 Ke7 47.
Ke3 Kd6 48. Kd3 Rxf2 49. Rxa5 Ke5 50. Ke3 Rc2 51. Rc5 Rc3+ 52. Kf2 f5 53. Rc6 f4 54. gxf4+ Kxf4 55. d6 Rc2+ 56. Ke1 Ke3 57. Kd1 Rd2+ 58. Kc1 Rd4 59. c5 g5 60. hxg5 h4 61. Rc7 h3 62.
Rh7 Rc4+ 63. Kb2 Rxc5 64. g6 Kf4 65. g7 Rg5 66. d7 Rg2+ 67. Kb3 Rg3+ 68. Kb4 h2 69. d8=Q 1-0

[Event "Early-Titled-Tuesday-Blitz-April-16-2024"]
[Site "Chess.com"]
[Date "2024.04.16"]
[Round "5"]
[White "Smoking_Crow"]
[Black "Zarinur"]
[Result "1-0"]
[WhiteElo "2681"]
[BlackElo "2509"]
[TimeControl "180+1"]
[EndTime "8:57:33 PDT"]
[Termination "Smoking_Crow won on time"]

1. e4 e5 2. Nf3 Nc6 3. Bc4 Nf6 4. d4 exd4 5. e5 d5 6. Bb5 Ne4 7. Nxd4 Bc5 8. Be3 O-O 9. Nxc6 bxc6 10. Bxc5 Nxc5 11.
Bxc6 Rb8 12. Qxd5 Qe7 13. O-O Rxb2 14. Nc3 Rxc2 15. Qd4 Ne6 16. Qd3 Rb2 17. Nd5 Qc5 18. Rac1 Qd4 19. Qg3 Rxa2 20. Rfd1 Rd2 21. Re1 Rd8 22.
Ne7+ Kf8 23. Qa3 Qxf2+ 24. Kh1 R8d3 25. Qb4 Rb2 26. Qe4 Rd4 27. Qxh7 Kxe7 28. Qh8 Bd7 29. Rf1 Qe2 30. Bf3 Qxe5 31. Rfe1 Qg5 32. Rxc7 Rd3 33. Qc8 Qd2 34. Rg1 Rxf3 35. Qa8 Rf2 36. Qxa7 Rxg2 37.
Qa3+ Kf6 38. Qf3+ Kg6 39. Qe4+ Kh6 40. Qh4+ Kg6 41. Qe4+ f5 42. Rxg2+ Qxg2+ 43. Qxg2+ Rxg2 44. Kxg2 Bb5 45. Rb7 Bd3 46. Kg3 Kf6 47. Rb3 Be4 48.
Ra3 g5 49. Ra6 Ke5 50. Ra5+ Kf6 51. Ra6 Ke5 52. Ra5+ Kd4 53. Ra4+ Ke3 54. Ra3+ Bd3 55. h4 g4 56. h5 Ke4 57. h6 Be2 58. h7 f4+ 59. Kh4 g3 60. h8=Q g2 61. Qh7+ Kd4 62. Ra4+ 1-0

[Event "Early-Titled-Tuesday-Blitz-April-16-2024"]
[Site "Chess.com"]
[Date "2024.04.16"]
[Round "5"]
[White "Rawnsdale"]
[Black "esrosenberg"]
[Result "0-1"]
[WhiteElo "2488"]
[BlackElo "2390"]
[TimeControl "180+1"]
[EndTime "8:57:39 PDT"]
[Termination "esrosenberg won by checkmate"]

1. e4 c5 2. Nf3 e6 3. d4 cxd4 4. Nxd4 Nf6 5. Nc3 Nc6 6. Nxc6 bxc6 7. Bd3 d5 8. O-O Be7 9. Qf3 O-O 10. e5 Nd7 11. Qh3 g6 12. Bh6 Nxe5 13. Bxf8 Bxf8 14. Rad1 Nxd3 15. Qxd3 a5 16. Rfe1 Bg7 17. Na4 Rb8 18. b3 Qd6 19. c4 h5 20. c5 Qe7 21. Qd2 Rb4 22. Nb6 Ba6 23. Qc2 Bb5 24. a3 Rg4 25.
h3 Rh4 26. Nc8 Qg5 27. Re3 Bd4 28. Rf3 Re4 29. Nd6 Rf4 30. Rxf4 Qxf4 31. Nxb5 cxb5 32.
c6 Be5 33. g3 Qf3 34. Rd3 Qe4 35. Qd2 Bc7 36. Re3 Qb1+ 37. Kg2 Qa1 38. a4 bxa4 39. bxa4 Qxa4 40. Qc1 Kg7 41. Qb2+ d4 42. Re4 Qxc6 43.
Qxd4+ e5 44. Qc4 Qxc4 45. Rxc4 Bb6 46. Rc6 Bd4 47. Ra6 f5 48. Rxa5 h4 49. Ra6 hxg3 50.
fxg3 e4 51. Kf1 g5 52. Ra5 Kg6 53. g4 f4 54. Ke2 f3+ 55. Kf1 e3 56. Rf5 e2+ 57. Ke1 Bc3+ 58. Kf2 e1=Q+ 59. Kxf3 Qf1+ 60. Ke4 Qxh3 61. Rc5 Qxg4+ 62. Kd3 Qf3+ 63. Kc2 Bf6 64. Rc4 Qe2+ 65. Kb3 Qxc4+ 66. Kxc4 Kf5 67. Kd3 Kg4 68. Ke2 Kh3 69. Kf1 Kh2 70. Kf2 g4 71. Kf1 g3 72.
Ke2 g2 73. Kf3 g1=Q 74. Kf4 Qg3+ 75. Kf5 Qf3+ 76. Ke6 Bh4 77. Ke5 Qf6+ 78. Ke4 Kg3 79. Kd3 Kf4 80. Ke2 Qc3 81. Kf1 Qd2 82. Kg1 Kf3 83. Kh1 Qg2# 0-1

[Event "Early-Titled-Tuesday-Blitz-April-16-2024"]
[Site "Chess.com"]
[Date "2024.04.16"]
[Round "5"]
[White "Artemiki"]
[Black "dontcatchmeifyoucant"]
[Result "1/2-1/2"]
[WhiteElo "2424"]
[BlackElo "2148"]
[TimeControl "180+1"]
[EndTime "8:57:41 PDT"]
[Termination "Game drawn by repetition"]

1. e4 c5 2. Nf3 e6 3. d4 cxd4 4. Nxd4 a6 5. Nc3 Qc7 6. Be3 Nf6 7. f3 Bb4 8. Qd2 d5 9. Bd3 e5 10. exd5 exd4 11. Bxd4 O-O 12. O-O Bc5 13. Qf2 Nbd7 14. Ne4 Bxd4 15. Qxd4 Qb6 16. Nxf6+ gxf6 17. Qxb6 Nxb6 18.
c4 Na4 19. b3 Nc5 20. Bc2 a5 21. Rae1 Bd7 22. a3 Rfe8 23. b4 axb4 24. axb4 Na6 25. Rb1 Re2 26. Bd3 Rd2 27. Rb3 Ba4 28. Ra3 Nxb4 29. Be4 Ra6 30. Rb1 Rd1+ 31. Rxd1 Bxd1 32. Rc3 Ra1 33. Kf2 Ba4 34. c5 f5 35. Rc4 Ra2+ 36. Kg3 Rb2 37. Bxf5 Nxd5 38. Rxa4 Ne3 39. Be4 Rxg2+ 40.
Kf4 Nd1 41. Bxb7 Rxh2 42. c6 Rh4+ 43. Kg3 Rxa4 44. c7 Rc4 45. c8=Q+ Rxc8 46. Bxc8 Ne3 47. Ba6 Nd5 48. Bd3 Kg7 49. f4 h5 50. Be4 Nf6 51.
Bf3 Kh6 52. Kh4 Kg6 53. Be2 Ng4 54. Bxg4 hxg4 55. Kxg4 f5+ 56. Kg3 Kg7 57. Kf3 Kf7 58.
Ke3 Ke7 59. Kd3 Kd7 60. Ke3 Ke7 61. Kf3 Kf7 62. Kg3 Kg7 63. Kh4 Kh6 64. Kh3 Kg7 65.
Kg3 Kf6 66. Kh4 Kg6 67. Kh3 Kf6 68. Kg2 Kg6 69. Kg3 Kf6 70. Kh3 Kg6 71. Kh4 Kh6 72. Kg3 Kg6 73. Kf3 Kf6 74. Ke3 Ke7 1/2-1/2